 Dungeon Crawl Stone Soup version 0.28-a0-1143-gcf6077d4cc (webtiles) character file.

Game seed: 8246549117311563434

21 spaghetti the Caller (level 2, -2/19 HPs)
             Began as a Mummy Summoner on Dec 14, 2021.
             Slain by a kobold (4 damage)
             ... on level 1 of the Dungeon.
             The game lasted 00:02:06 (967 turns).

spaghetti the Caller (Mummy Summoner)                Turns: 967, Time: 00:02:07

Health: -2/19      AC:  3    Str: 11    XL:     2   Next: 62%
Magic:  3/6        EV: 12    Int: 14    God:
Gold:   21         SH:  0    Dex: 12    Spells: 6/7 levels left

rFire   x . .      SeeInvis .   b - +0 mace {mace}
rCold   + . .      Faith    .   (no shield)
rNeg    + + +      Spirit   .   a - +1 robe rPois โˆž Reflect .
                                (no helmet)
rElec   .          Harm     .   (no cloak)
rCorr   .          Rampage  .   (no gloves)
Will    .....                   (no boots)
Stlth   ++........              (no amulet)
HPRegen 0.06/turn               (no ring)
MPRegen 0.10/turn               (no ring)

@: no status effects
A: cold resistance 1, negative energy resistance 3, torment resistance 2, heat
vulnerability 1, no potions
a: no special abilities


You were on level 1 of the Dungeon.
You visited 1 branch of the dungeon, and saw 1 of its levels.

You collected 21 gold pieces.


Innate Abilities, Weirdness & Mutations

You are immune to poison.
Your flesh is cold resistant. (rC+)
You are immune to negative energy. (rN+++)
You are immune to unholy pain and torment.
You are vulnerable to heat. (rF-)
You do not drink.


   Skills:
 - Level 1.5 Dodging
 - Level 1.5 Stealth
 + Level 3.4 Spellcasting
 + Level 3.6 Summonings


You had 6 spell levels left.
You knew the following spells:

 Your Spells              Type           Power      Damage    Failure   Level
a - Summon Small Mammal   Summ           48%        N/A       4%          1

Your spell library contained the following spells:

 Spells                   Type           Power      Damage    Failure   Level
 Call Imp                 Summ           12%        N/A       7%          2
 Call Canine Familiar     Summ           12%        N/A       14%         3
 Magic Dart               Conj           8%         1d3       21%         1
 Sandblast                Erth           4%         2d4       21%         1
 Summon Guardian Golem    Hex/Summ       7%         N/A       28%         3
 Passwall                 Tmut/Erth      1%         N/A       30%         2
 Searing Ray              Conj           4%         2d4       30%         2
 Stone Arrow              Conj/Erth      4%         3d7       52%         3
 Summon Lightning Spire   Summ/Air       7%         N/A       67%         4
 Fulminant Prism          Conj/Hex       1%         3d6       90%         4

Inventory:

Hand Weapons
 b - a +0 mace (weapon) {mace}
   (You found it on level 1 of the Dungeon)
 c - a +0 hunting sling {sling}
   (You found it on level 1 of the Dungeon)
 d - a +0 dagger {short}
   (You took it off a goblin on level 1 of the Dungeon)
Missiles
 e - 4 curare-tipped darts {=fthrowing}
Armour
 a - a +1 robe (worn)

Dungeon Overview and Level Annotations

Branches:
Dungeon (1/15)

Altars:

##.......##.# #..#
###...####.#####..##### #..)#
#.#........... #...#
#.#..#..... .######
####...####.......#.# ......#
...............#.##โ€
##K.....#
..............^r....ยงKb.....#
..............##K#####h.....#
####...#########@# ......#
.......# #bh.....######
.###...# #........ .###...#
#..#####. .##....# #..# .b
.##....# #... .. .##....# ##.#
......## .! ....#.##########


You could see a jackal, a kobold (ally target), a friendly bat (summoned) and a
friendly rat (summoned).


Message History

You take 5 damage, and now have 8/19 hp.
MASSIVE DAMAGE!! (PAUSE)
You swap places.
Your bat hits the kobold but does no damage.
The jackal bites your rat.
Your rat dies!
Your rat's corpse disappears in a puff of smoke!
The kobold closely misses your bat. The jackal misses your bat.
Your bat barely misses the kobold.
The kobold closely misses your bat.
Your bat hits the kobold. Your bat hits the kobold.
Your bat hits the kobold but does no damage.
The kobold hits your bat with a +0 short sword.
Unknown command.
Casting: Summon Small Mammal (safe; 4% risk of failure)
Confirm with . or Enter, or press ? or * to list all spells.
The jackal bites you.
* * * LOW HITPOINT WARNING * * *
Your bat hits the kobold but does no damage.
The kobold closely misses your bat.
The jackal closely misses you. ๐Ÿ˜จ HP[-1] MP[-1]
You take 1 damage, and now have 7/19 hp.
You lost 1 mp, and now have 3/6 mp.
Unknown command.
Your bat closely misses the kobold.
The kobold hits your bat with a +0 short sword.
Your bat dies!
Your bat's corpse disappears in a puff of smoke!
The kobold shouts!
You swap places.
The jackal bites your rat.
Your rat dies!
Your rat's corpse disappears in a puff of smoke! ๐Ÿ˜จ MP[+1]
Casting: Summon Small Mammal (safe; 4% risk of failure)
Confirm with . or Enter, or press ? or * to list all spells.
The jackal bites you but does no damage. ๐Ÿ˜จ HP[+1] MP[-1]
You lost 1 mp, and now have 3/6 mp.
Unknown command.
You barely miss the jackal. The bat hits you but does no damage.
The jackal closely misses you.
The jackal bites you but does no damage.
Your rat bites the jackal.
You hit the jackal.
You kill the jackal!
The bat barely misses you. The bat closely misses you.
The bat barely misses you.
The bat hits your rat but does no damage.
Your rat bites the bat.
The bat closely misses your rat.
Unknown command.
You miss the bat. The bat barely misses you. The bat hits you.
* * * LOW HITPOINT WARNING * * *
The bat hits you but does no damage.
Your rat bites the bat.
The bat dies!
Your rat barely misses the kobold.
The kobold hits you with a +0 short sword.
* * * LOW HITPOINT WARNING * * *
๐Ÿ˜ฑ HP[-4]
You take 4 damage, and now have 4/19 hp.
MASSIVE DAMAGE!! (PAUSE) Hit: b) +0 mace {mace}
Press: ? - help, Dir - move target, f - kobold
Aim: a kobold, wielding a +0 short sword (moderately wounded, ally target, about 50% to evade your +0 mace)
You hit the kobold but do no damage. The bat hits you but does no damage. x2
Your rat closely misses the kobold.
The kobold barely misses you.
Unknown command.
You can't drink.
You aren't carrying any scrolls.
Unknown command.
Casting: Summon Small Mammal (safe; 4% risk of failure)
Confirm with . or Enter, or press ? or * to list all spells.
The bat misses you.
Your rat barely misses the kobold.
The kobold barely misses you. The bat misses you. ๐Ÿ˜ฑ MP[-1]
You lost 1 mp, and now have 2/6 mp.
Unknown command.
You miss the bat. Your bat hits the bat. The bat hits you but does no damage.
Your bat hits the bat. The bat closely misses your bat.
The kobold hits you but does no damage.
Your rat bites the kobold.
The kobold dies!
Your bat closely misses the bat.
The bat hits you.
* * * LOW HITPOINT WARNING * * *
Your rat closely misses the kobold. ๐Ÿ˜ฑ HP[-1]
You take 1 damage, and now have 3/19 hp.
Unknown command.
You can't drink.
Unknown command.
You hit the kobold. Your bat hits the bat.
The bat dies!
The jackal closely misses you. The jackal barely misses you.
The kobold hits you with a +0 club.
* * * LOW HITPOINT WARNING * * *
Your rat barely misses the kobold. ๐Ÿ˜ฑ HP[-1] MP[+1]
You take 1 damage, and now have 2/19 hp.
Unknown command.
You barely miss the kobold. The jackal barely misses you.
The jackal closely misses you. The kobold hits you with a +0 club.
You die...

Skill      XL: |  1 |
---------------+----+-----
Spellcasting   | 3 |  3.4
Dodging        | |  1.5
Stealth        | |  1.5
Summonings     | |  3.6

Action                   || total
-------------------------++-------
Melee: Mace              ||    28
       Unarmed           ||     6
 Cast: Summon Small Mamm ||    20
  Use: Scroll            ||     1
 Stab: Sleeping          ||     3
Armor: Robe              ||    19
Dodge: Dodged            ||    55

Levels and vault maps discovered:
D:1:      onia_arrival_mini_maze_b, layout_loops_cross, minmay_statues_item,
          roderic_serpentine_path

Notes
Turn   | Place    | Note
-------+----------+-------------------------------------------
     0 | D:1      | spaghetti the Mummy Summoner began the quest for the Orb.
     0 | D:1      | Reached XP level 1. HP: 13/13 MP: 4/4
     0 | D:1      | magus.rc [v1.9.6]
   266 | D:1      | Reached skill level 3 in Spellcasting
   505 | D:1      | You pick up a book of Geomancy and begin reading...
   505 | D:1      | You add the spells Sandblast, Passwall and Stone Arrow to
                  | your library.
   515 | D:1      | Reached XP level 2. HP: 19/19 MP: 6/6
   750 | D:1      | You pick up a book of Conjurations {@e2} and begin
                  | reading...
   750 | D:1      | You add the spells Magic Dart, Searing Ray and Fulminant
                  | Prism to your library.
   962 | D:1      | HP: 4/19 [kobold (3)]
   967 | D:1      | Slain by a kobold

Vanquished Creatures
  A dart slug (D:1)
  2 endoplasms (D:1)
  A hobgoblin (D:1)
  2 jackals (D:1)
  A ball python (D:1)
  A frilled lizard (D:1)
  A rat (D:1)
9 creatures vanquished.

Vanquished Creatures (collateral kills)
  2 ball pythons (D:1)
  A kobold (D:1)
  2 bats (D:1)
  A frilled lizard (D:1)
  2 goblins (D:1)
  A rat (D:1)
9 creatures vanquished.

Grand Total: 18 creatures vanquished

Table legend:
 A = Non-vault XP
 B = Vault XP
 C = Vault XP percentage of total XP
 D = Non-vault monster count
 E = Vault monster count
 F = Vault count percentage of total count
                 A         B        C        D         E       F
            +---------+---------+-------+---------+---------+-------
      Total |      30 |       0 |   0.0 |      18 |       0 |   0.0
            +---------+---------+-------+---------+---------+-------
        D:1 |      30 |       0 |   0.0 |      18 |       0 |   0.0
            +---------+---------+-------+---------+---------+-------

Illustrated notes

Table legend:
 A = Kills in this place as a percentage of kills in entire the game.
 B = Kills by you in this place as a percentage of kills by you in the entire game.
 C = Kills by friends in this place as a percentage of kills by friends in the entire game.
 D = Other kills in this place as a percentage of other kills in the entire game.
 E = Experience gained in this place as a percentage of experience gained in the entire game.
 F = Experience gained in this place divided by the number of levels of this place that you have seen.
                   A       B       C       D       E      F
               +-------+-------+-------+-------+-------+----------------------
         Total | 100.0 | 100.0 | 100.0 |   N/A | 100.0 |  30.0
       Dungeon | 100.0 | 100.0 | 100.0 |   N/A | 100.0 |  30.0
               +-------+-------+-------+-------+-------+----------------------

Table legend: (Time is in decaauts)
 A = Elapsed time spent in this place.
 B = Non-inter-level travel time spent in this place.
 C = Inter-level travel time spent in this place.
 D = Time resting spent in this place.
 E = Time spent auto-exploring this place.
 F = Levels seen in this place.
 G = Mean time per level.
                   A        B        C        D        E       F      G
               +--------+--------+--------+--------+--------+-----+--------+
         Total |    977 |    977 |      0 |    323 |    505 |   1 |  977.0 |
       Dungeon |    977 |    977 |      0 |    323 |    505 |   1 |  977.0 |
               +--------+--------+--------+--------+--------+-----+--------+

Top non-repeatable levels by time:
     D:1: 977 daAuts
